 Dungeon Crawl Stone Soup version 0.27.0-1-g7a089689b8 (webtiles) character file.

Game seed: 13743143146619548599

1764 pkoi the Quickloader (level 8, -5/67 HPs)
             Began as a Minotaur Hunter on Aug 13, 2021.
             Was a Follower of Ashenzari.
             Slain by Harold (12 damage)
             ... on level 7 of the Dungeon.
             The game lasted 00:11:46 (7352 turns).

pkoi the Quickloader (Minotaur Hunter)              Turns: 7352, Time: 00:11:46

Health: -5/67      AC:  9    Str: 18    XL:     8   Next: 79%
Magic:  7/7        EV: 14    Int:  8    God:    Ashenzari [*.....]
Gold:   136        SH:  0    Dex: 24    Spells: 7/7 levels left

rFire    . . .     SeeInvis .   n - +2 whip (venom)
rCold    . . .     Faith    .   (no shield)
rNeg     . . .     Spirit   .   c - +0 leather armour
rPois    .         Reflect  .   (helmet restricted)
rElec    .         Harm     .   p - +0 cloak
rCorr    .         Rampage  .   m - +2 pair of gloves of Curses and Power {Fort, Range} (curse)
Will     .....                  s - +0 pair of boots {Stlth+}
Stlth    ++++......             (no amulet)
HPRegen  0.21/turn              f - ring "Negligence of Ashenzari" {Dex+6, Fort, Range} (curse)
MPRegen  0.10/turn              h - +6 ring of dexterity

@: no status effects
A: horns 2, retaliatory headbutt
a: Renounce Religion, Shatter the Chains


You were on level 7 of the Dungeon.
You worshipped Ashenzari.
Ashenzari was aware of your devotion.
You visited 2 branches of the dungeon, and saw 8 of its levels.

You collected 389 gold pieces.
You spent 253 gold pieces at shops.

Inventory:

Hand Weapons
 a - a +1 hand crossbow
 b - a +1 dagger of electrocution
 l - a +0 short sword
 n - a +2 whip of venom (weapon)
Missiles
 d - 45 bolts
 x - 2 throwing nets
Armour
 c - a +0 leather armour (worn)
 m - the cursed +2 pair of gloves of Curses and Power (worn) {Fort, Range}
   (You found it on level 1 of the Dungeon)

   It has a curse which improves the following skills: Fortitude: Armour and
   Shields.
   Ranged Combat: Slings, Bows, Crossbows and Throwing.
 p - a +0 cloak (worn)
 s - a +0 pair of boots of stealth (worn)
Jewellery
 f - the cursed ring "Negligence of Ashenzari" (left hand) {Dex+6, Fort, Range}
   (You found it on level 1 of the Dungeon)

   [ring of dexterity]

   Dex:       It affects your dexterity (+6).
   It has a curse which improves the following skills: Fortitude: Armour and
   Shields.
   Ranged Combat: Slings, Bows, Crossbows and Throwing.
 h - a +6 ring of dexterity (right hand)
 u - a +6 ring of dexterity
 y - a ring of protection from cold
 z - a ring of poison resistance
Wands
 i - a wand of flame (23)
 t - a wand of polymorph (7)
 v - a wand of iceblast (7)
Scrolls
 j - 2 scrolls of enchant armour
 k - 3 scrolls of blinking
 q - 2 scrolls of enchant weapon
 w - 3 scrolls of teleportation
 A - a scroll of holy word
Potions
 e - 3 potions of invisibility
 g - 5 potions of curing
 o - 2 potions of heal wounds
 r - 2 potions of haste
 B - a potion of might


   Skills:
 + Level 4.6 Fighting
 + Level 10.4(11.9) Crossbows
 + Level 3.2(4.7) Armour
 + Level 4.1 Dodging
 + Level 3.0 Stealth
 + Level 2.5 Evocations


You had 7 spell levels left.
You didn't know any spells.
Your spell library contained the following spells:

 Spells                   Type           Power      Damage    Failure   Level
 Conjure Flame            Conj/Fire      0%         6-21      83%         3
 Ignite Poison            Fire/Tmut/Pois 0%         N/A       83%         3
 Ozocubu's Armour         Ice            0%         N/A       83%         3
 Stone Arrow              Conj/Erth      0%         3d7       83%         3
 Sticky Flame             Conj/Fire      0%         2d3       99%         4
 Bolt of Magma            Conj/Fire/Erth 0%         4d4       100%        5
 Malign Gateway           Summ/Tloc      0%         N/A       100%        7
 Ozocubu's Refrigeration  Ice            0%         4d5       100%        7
 Summon Horrible Things   Summ           0%         N/A       100%        8
 Shatter                  Erth           0%         3d5*      100%        9


Dungeon Overview and Level Annotations

Branches:
Dungeon (7/15)             Temple (1/1) D:4

Altars:
Ashenzari
Cheibriados
Dithmenos
Fedhas
Gozag
Hepliaklqana
Kikubaaqudgha
Makhleb
Nemelex Xobeh
Okawaru
Qazlal
Ru
Sif Muna
Trog
Uskayaw
Vehumet
Wu Jian
Xom
Yredelemnul
Zin
The Shining One

Shops:
D:1 =   D:5 [   D:6 (*

Annotations:
D:7 Harold


Innate Abilities, Weirdness & Mutations

You have a pair of horns on your head.
You reflexively headbutt those who attack you in melee.


Message History

Fire: 46 bolts
Press: ? - help, Q - select action, (/) - cycle Shift-Dir - straight line, f/p - Harold
Aim: Harold, wielding a +0 hand axe, wearing a +0 chain mail and quivering 2 throwing nets (lightly wounded, 83% to hit)
You shoot a bolt. The bolt hits Harold.
Harold is lightly wounded.
Harold completely misses you. You furiously retaliate!
You headbutt Harold, but do no damage.
You hear the crackle of electricity.
b - a +1 dagger of electrocution (weapon)
You hit Harold but do no damage.
Harold is lightly wounded.
Harold closely misses you.
You barely miss Harold. You headbutt Harold.
Harold is lightly wounded.
Harold hits you with a +0 hand axe.
You hit Harold. Lightning courses through Harold!
Harold is moderately wounded.
Harold hits you with a +0 hand axe!
Your +1 dagger of electrocution stops crackling.
Your +2 whip of venom begins to drip with poison!
n - a +2 whip of venom (weapon)
Harold hits you but does no damage.
You hit Harold but do no damage.
Harold is moderately wounded.
Harold hits you with a +0 hand axe!
You hit Harold but do no damage.
Harold is poisoned.
Harold is moderately wounded.
Harold barely misses you.
You hit Harold but do no damage.
Harold is moderately wounded.
Harold hits you with a +0 hand axe.
* * * LOW HITPOINT WARNING * * *
You hit Harold but do no damage. You headbutt Harold, but do no damage.
Harold is moderately wounded.
Harold hits you with a +0 hand axe!
* * * LOW HITPOINT WARNING * * *
You hit Harold but do no damage.
Harold looks as sick as possible!
Harold is moderately wounded.
Harold hits you with a +0 hand axe!
You die...

#.>)...#
#......#
#####..####
#.........
#.##..#### #
#.##..####
#.####
#.##......
#(.@.#
#.##.#####
#@#
#.##.####.
#.#
#..[......
#.#
####....#.
#.# ###....
#.# #.#..
#.#
########....
#[#
#........#..
#####.#
#.#########.
#.....# #.#
#.


You could see Harold (extremely poisoned).

Vanquished Creatures
  Menkaure (D:5)
  A water moccasin (D:7)
  A black bear (D:5)
  A necrophage (D:6)
  3 centaurs
  2 phantoms (D:3)
  A water moccasin zombie (D:5)
  A water moccasin skeleton (D:4)
  3 wights (D:7)
  2 hounds
  A quasit (D:5)
  2 gnoll shamans (D:7)
  Crazy Yiuf (D:3)
  2 centaur skeletons
  A bullfrog skeleton (D:5)
  3 iguanas (D:6)
  3 orc wizards (D:4)
  A hound zombie (D:5)
  A hound skeleton (D:6)
  A howler monkey zombie (D:5)
  12 gnolls
  5 adders
  3 shadow imps
  An adder zombie (D:5)
  2 worms
  A dart slug (D:1)
  14 orcs
  13 ball pythons
  7 bats
  2 endoplasms
  2 giant cockroaches (D:1)
  9 goblins
  A hobgoblin (D:3)
  13 jackals
  A quokka (D:1)
  3 training dummies (D:6)
  2 frilled lizards
  A goblin zombie (D:5)
  2 hobgoblin zombies (D:5)
  3 kobolds
  2 kobold skeletons (D:5)
  3 kobold zombies (D:5)
  4 orc skeletons (D:5)
  An orc zombie (D:5)
  5 rats (D:1)
144 creatures vanquished.

Vanquished Creatures (others)
  A plant (D:1)
  5 toadstools (D:4)
6 creatures vanquished.

Grand Total: 150 creatures vanquished

Notes
Turn   | Place    | Note
-------+----------+-------------------------------------------
     0 | D:1      | pkoi the Minotaur Hunter began the quest for the Orb.
     0 | D:1      | Reached XP level 1. HP: 18/18 MP: 0/0
     0 | D:1      | Noticed a minotaur skeleton
     2 | D:1      | Noticed a minotaur skeleton
    11 | D:1      | Noticed a minotaur skeleton
   305 | D:1      | Found Polliptu's Jewellery Emporium.
   329 | D:1      | Reached XP level 2. HP: 16/25 MP: 1/1
   339 | D:1      | Reached skill level 5 in Crossbows
   875 | D:1      | You fall into a shaft and drop 1 floor!
   883 | D:2      | Reached XP level 3. HP: 25/30 MP: 2/2
  1361 | D:2      | You fall into a shaft and drop 1 floor!
  1687 | D:3      | Reached skill level 6 in Crossbows
  1816 | D:3      | Reached XP level 4. HP: 37/37 MP: 3/3
  2472 | D:3      | Found a faded altar of an unknown god.
  2678 | D:3      | Found a broken altar of Ashenzari.
  2712 | D:3      | Found a runed translucent door.
  2713 | D:3      | Noticed Crazy Yiuf
  2875 | D:3      | Found a snail-covered altar of Cheibriados.
  3139 | D:3      | Killed Crazy Yiuf
  3174 | D:3      | Became a worshipper of Ashenzari the Shackled
  3243 | D:4      | Found a staircase to the Ecumenical Temple.
  3288 | D:4      | Reached skill level 7 in Crossbows
  3411 | D:4      | Noticed a phantom
  3413 | D:4      | Noticed a phantom
  3414 | D:4      | Reached XP level 5. HP: 30/42 MP: 4/4
  3431 | D:3      | Killed a phantom
  3443 | D:3      | Killed a phantom
  3444 | D:3      | Reached skill level 8 in Crossbows
  3444 | D:3      | Reached XP level 6. HP: 8/50 MP: 5/5
  4116 | D:4      | Reached skill level 9 in Crossbows
  4384 | Temple   | Entered the Ecumenical Temple
  4518 | D:5      | Entered Level 5 of the Dungeon
  4529 | D:5      | Reached XP level 7. HP: 49/56 MP: 6/6
  4682 | D:5      | Found Wuinut's Antique Armour Boutique.
  4800 | D:5      | Bought a pair of embroidered boots for 172 gold pieces
  4844 | D:5      | Reached skill level 1 in Stealth
  4852 | D:5      | Reached skill level 10 in Crossbows
  4878 | D:5      | Found a glowing golden altar of the Shining One.
  5033 | D:5      | Noticed Menkaure
  5036 | D:5      | Killed Menkaure
  5037 | D:5      | Reached skill level 1 in Armour
  5376 | D:5      | Reached skill level 1 in Evocations
  5404 | D:5      | Reached XP level 8. HP: 63/63 MP: 7/7
  5416 | D:5      | Found a sacrificial altar of Ru.
  5872 | D:6      | Found Dase's Firing Range.
  5880 | D:6      | Bought 29 bolts for 81 gold pieces
  5917 | D:6      | Found a blossoming altar of Fedhas.
  6004 | D:6      | Found a burning altar of Makhleb.
  6332 | D:6      | Found Toip's Elemental Accessories.
  7252 | D:7      | Reached * piety under Ashenzari
  7336 | D:7      | Noticed Harold
  7352 | D:7      | Slain by Harold

Illustrated notes

Levels and vault maps discovered:
D:1:      shiori_arrival_whats_in_store_for_you, layout_basic, serial_shops,
          shop, minmay_shallow_snake_nest
D:2:      layout_loops_ring, minmay_misc_feat_x
D:3:      layout_loops_ring, slow_altar_2, ashenzari_altar_1,
          ebering_ecumenical_altar_webs, uniq_crazy_yiuf_cottage
D:4:      layout_basic, minmay_temple_entry_antechambers, grunt_ministairs_15,
          minmay_gold_behind_fungi
D:5:      layout_gridville, mainiacjoe_overflow_catwalk,
          nicolae_tso_besieged_by_evil, serial_shops, shop, uniq_menkaure
D:6:      layout_basic, fedhas_altar_2, makhleb_blood_cavern_becter,
          minmay_misc_feat_room, nicolae_elemental_shop, minmay_misc_feat_alley,
          nicolae_shop_firing_range
D:7:      layout_loops_ring, uniq_harold
Temple:   regret_index_temple_waves

Skill      XL: |  1  2  3  4  5  6  7  8 |
---------------+-------------------------+-----
Crossbows      | 5 6 7 8 9 10 | 10.4
Stealth        | 2 3 |  3.0
Fighting       | 3 4 |  4.6
Armour         | 1 3 |  3.2
Dodging        | 3 4 |  4.1
Evocations     | 1 2 |  2.5

Action                   |  1- 3 |  4- 6 |  7- 9 || total
-------------------------+-------+-------+-------++-------
Melee: Short sword       |    85 |     2 |       ||    87
       Headbutt          |    15 |    25 |     2 ||    42
       Whip              |       |    52 |     5 ||    57
       Dagger            |       |    30 |     3 ||    33
 Fire: Hand crossbow     |     8 |     6 |   183 ||   197
Invok: Curse Item        |       |       |     2 ||     2
  Use: Scroll            |     2 |       |       ||     2
 Stab: Sleeping          |     2 |     5 |       ||     7
Armor: Leather armour    |    30 |    25 |    20 ||    75
Dodge: Dodged            |    55 |    45 |    25 ||   125
